 Dungeon Crawl Stone Soup version 0.24.0-123-gd5b16e6ec5 (webtiles) character file.

Game seed: 15730865307641207799, levelgen mode: deterministic

244 Rjadawoj the Cudgeler (level 5, -2/48 HPs)
             Began as a Minotaur Berserker on Dec 17, 2019.
             Was a Priest of Trog.
             Killed by nerve-wracking pain
             ... invoked by an orc priest
              (10 damage)
             ... on level 4 of the Dungeon.
             The game lasted 00:17:57 (3165 turns).

Rjadawoj the Cudgeler (Minotaur Berserker)          Turns: 3165, Time: 00:17:58

Health: -2/48      AC: 10    Str: 22    XL:     5   Next: 83%
Magic:  13/13      EV:  8    Int:  4    God:    Trog [***...]
Gold:   77         SH:  0    Dex: 10    Spells: 4/4 levels left

rFire    . . .     SeeInvis .   a - +0 mace
rCold    . . .     Gourm    .   (no shield)
rNeg     . . .     Faith    .   k - +0 chain mail
rPois    .         Spirit   .   (helmet restricted)
rElec    .         Reflect  .   (no cloak)
rCorr    .         Harm     .   (no gloves)
MR       .....                  o - +1 pair of boots
Stlth    ..........             (no amulet)
HPRegen  0.16/turn              d - ring of magical power
MPRegen  0.13/turn              (no ring)

@: no status effects
A: retaliatory headbutt, horns 2
a: Berserk, Trog's Hand, Renounce Religion


You were on level 4 of the Dungeon.
You worshipped Trog.
Trog was most pleased with you.
You were not hungry.

You visited 1 branch of the dungeon, and saw 4 of its levels.

You collected 185 gold pieces.
You spent 108 gold pieces at shops.

Inventory:

Hand Weapons
 a - a +0 mace (weapon)
Armour
 k - a +0 chain mail (worn)
 o - a +1 pair of boots (worn)
Jewellery
 d - a ring of magical power (left hand)
Scrolls
 h - 6 scrolls of remove curse
 j - 5 scrolls of identify {unknown}
 l - 2 scrolls of magic mapping {unknown}
 m - 2 scrolls of immolation {unknown}
 n - a scroll of teleportation {unknown}
Potions
 b - a potion of agility {unknown}
 e - a potion of lignification {unknown}
 f - 2 potions of haste {unknown}
 g - a potion of brilliance {unknown}
 i - a potion of heal wounds {unknown}
 p - a potion of curing {unknown}
Comestibles
 c - 2 rations


   Skills:
 + Level 5.2 Fighting
 * Level 6.7 Maces & Flails
 - Level 2.4 Armour
 - Level 2.2 Dodging
 + Level 1.0 Stealth


You had 4 spell levels left.
You didn't know any spells.
Your spell library contained the following spells:

 Spells                   Type           Power        Failure   Level  Hunger
 Magic Dart               Conj           #...         99%         1    ##.....
 Blink                    Tloc           N/A          100%        2    ###....
 Call Imp                 Summ           #.......     100%        2    ###....
 Slow                     Hex            #.......     100%        2    ###....
 Conjure Flame            Conj/Fire      #.......     100%        3    ####...
 Mephitic Cloud           Conj/Pois/Air  #.......     100%        3    ####...


Dungeon Overview and Level Annotations

Branches:
Dungeon (4/15)
 Temple: D:4-7

Altars:

Shops:
D:4 [


Innate Abilities, Weirdness & Mutations

You reflexively headbutt those who attack you in melee.
You have a pair of horns on your head.


Message History

Something hits you.
You miss something.
You hear some strange, mumbled words.
Something tries to affect you, but you resist.
You barely miss something. Your headbutt misses something.
You hear some strange, mumbled words.
A puff of flame appears from out of thin air!
The puff of flame hits you!
You hit something.
You hear some strange, mumbled words.
A puff of flame appears from out of thin air!
The puff of flame hits you!
* * * LOW HITPOINT WARNING * * *
The orc priest looks braver for a moment.
Something hits you.
* * * LOW HITPOINT WARNING * * *
Something hits you but does no damage.
The orc priest mumbles some strange prayers to Beogh against you.
Pain shoots through your body!
You die...

+...............<.......
####...####.####.......#
##..#####.# #.#..##.#
#.........# #.#.###.#
##.##.##### #.#.# #.#
####.# #.#.###.# #.#
#.#...... #.# #.......#
##########@# ###..####
#..........# #..####
..#######.o# #...... #.
#..# ##.#### # #.
#####o.# #.# #
....##.###...o..# #.####
#....[.o.....## #.....
############## ######


You could see an orc priest and 2 orcs.

Vanquished Creatures
  A bullfrog skeleton (D:4)
  An orc priest (D:3)
  An orc wizard (D:3)
  4 adders (D:2)
  2 oozes
  2 worms (D:2)
  2 dart slugs (D:1)
  3 leopard geckos
  10 orcs
  9 bats
  6 giant cockroaches
  14 goblins
  4 hobgoblins
  6 jackals
  A quokka (D:2)
  A ball python skeleton (D:4)
  6 frilled lizards
  9 kobolds
  9 rats
91 creatures vanquished.

Notes
Turn   | Place    | Note
-------+----------+-------------------------------------------
     0 | D:1      | Rjadawoj the Minotaur Berserker began the quest for the
                  | Orb.
     0 | D:1      | Reached XP level 1. HP: 19/19 MP: 0/0
   164 | D:1      | Reached skill level 4 in Maces & Flails
   166 | D:1      | Reached XP level 2. HP: 25/27 MP: 1/1
   358 | D:1      | Reached ** piety under Trog
   388 | D:1      | Reached XP level 3. HP: 26/33 MP: 2/2
  1070 | D:2      | Reached skill level 5 in Maces & Flails
  1212 | D:2      | Reached XP level 4. HP: 35/41 MP: 3/3
  2008 | D:3      | Reached *** piety under Trog
  2059 | D:3      | Reached skill level 5 in Fighting
  2479 | D:3      | Reached XP level 5. HP: 47/48 MP: 4/4
  2575 | D:3      | Reached skill level 6 in Maces & Flails
  2990 | D:4      | Found Xeogicoi's Armour Boutique.
  2999 | D:4      | Bought a +0 chain mail for 54 gold pieces
  2999 | D:4      | Bought a +0 helmet for 54 gold pieces
  3137 | D:4      | Reached skill level 1 in Stealth
  3165 | D:4      | Killed from afar by an orc priest

Levels and vault maps discovered:
D:1:      eino_arrival_water_star, layout_rooms, kennysheep_nondescript,
          minmay_misc_feat_columns, minmay_misc_feat_secret_circle,
          minmay_statues_item
D:2:      minmay_chambers_of_ones, layout_basic
D:3:      layout_basic
D:4:      layout_loops_corners, first_ration, serial_shops, shop

Skill      XL: |  1  2  3  4  5 |
---------------+----------------+-----
Maces & Flails | 4 5 6 |  6.7
Fighting       | 4 5 |  5.2
Stealth        | 1 |  1.0
Armour         | |  2.4
Dodging        | |  2.2

Action                   |  1- 3 |  4- 6 || total
-------------------------+-------+-------++-------
Melee: Mace              |    73 |   101 ||   174
       Headbutt          |    13 |    16 ||    29
  Use: Scroll            |     1 |       ||     1
 Stab: Sleeping          |       |     1 ||     1
  Eat: Ration            |       |     2 ||     2
Armor: Animal skin       |    10 |       ||    10
       Leather armour    |     6 |    25 ||    31
       Chain mail        |       |    11 ||    11
Dodge: Dodged            |    50 |    50 ||   100
